AoeStats
← jeff224171

Arabia

509819348Analyzed
1v1 RM · 2d ago on Sep 28, 2026· 49m 40s· 2 players
Game mode
Random Map
Map size
Tiny (2 player)
Population
200
Speed
Normal
Resources
Standard
Victory
Conquest
Starting age
Dark Age
Ending age
Imperial Age
RankedLock teamsTeams togetherTeam positionsShared explorationLock speedFull tech treeHidden civsTurbo modeCheats
Victory
Defeat
🇹🇼 Tatars · Taiwan
1276
+19
🇨🇳 Mongols · China
1336
-19
是关中王来了
4:34 Loom
8:49 Feudal Age
12:14 Scale Barding Armor
12:59 Forging
13:58 Double-Bit Axe
17:14 Horse Collar
22:38 Castle Age
21:02 Fletching
21:48 Gold Mining
21:49 Stone Mining
23:46 Padded Archer Armor
23:42 Bodkin Arrow
23:53 Heavy Plow
25:05 Bow Saw
26:54 Gold Shaft Mining
29:42 Stone Shaft Mining
29:43 Bloodlines
30:31 Ballistics
31:40 Leather Archer Armor
32:25 Wheelbarrow
42:08 Imperial Age
40:55 Hand Cart
41:21 Murder Holes
41:37 Masonry
42:18 Husbandry
42:28 Heavy Cavalry Archer
44:56 Chemistry
49:10 Bracer
49:24 Light Cavalry
jeff224171
3:55 Loom
9:22 Feudal Age
11:40 Double-Bit Axe
11:40 Horse Collar
22:02 Castle Age
20:01 Fletching
20:50 Padded Archer Armor
20:51 Gold Mining
22:43 Bodkin Arrow
23:28 Gold Shaft Mining
23:55 Town Watch
26:10 Ballistics
26:15 Heavy Plow
26:45 Bow Saw
29:00 Stone Mining
35:02 Wheelbarrow
37:48 Leather Archer Armor
41:35 Imperial Age
40:14 Scale Barding Armor
40:20 Forging
40:13 Husbandry
40:23 Bloodlines
39:33 Light Cavalry
42:17 Chain Barding Armor
42:39 Masonry
42:11 Treadmill Crane
43:01 Bracer
44:55 Hand Cart
46:04 Conscription
47:27 Heavy Cavalry Archer
48:53 Ring Archer Armor
49:22 Plate Barding Armor
50:24 Iron Casting
Connection lost

Rejoining the realm…

Still unreachable

The connection could not be restored.

Session expired

The server has moved on; the page needs a fresh start.